3AAA
PORT ROYAL DISASTER @ SANTA BARBARA GOLDEN CRANES
09/12/2026
 
TOP OF THE 1ST
Port Royal Disaster batting - Pitching for Santa Barbara Golden Cranes : LHP José Ortíz
Pitching: LHP José Ortíz
Batting: RHB Aurelio García 0-0: Ball
1-0: Called Strike
1-1: Ball
2-1: Ball
3-1: Ground out 5-3 (Groundball, 56S)
Batting: LHB Davis Mills 0-0: Foul Ball, location: 2F
0-1: Fly out, F8 (Line Drive, 8LD)
Batting: RHB Manuel Becerra 0-0: Ball
1-0: Ball
2-0: Ball
3-0: Called Strike
3-1: Foul Ball, location: 2F
3-2: Fly out, F8 (Flyball, 78S)
Top of the 1st over - 0 run(s), 0 hit(s), 0 error(s), 0 left on base; Port Royal 0 - Santa Barbara 0
BOTTOM OF THE 1ST
Santa Barbara Golden Cranes batting - Pitching for Port Royal Disaster : RHP José Gutiérrez
Pitching: RHP José Gutiérrez
Batting: RHB Luis Trevino 0-0: Called Strike
0-1: Foul Ball, location: 2F
0-2: Fly out, F8 (Flyball, 8LD)
Batting: RHB Ángel Ruezga 0-0: Ball
1-0: Ball
2-0: Called Strike
2-1: Foul Ball, location: 2F
2-2: Ground out 5-3 (Groundball, 56)
Batting: LHB Sixto Álvarez 0-0: Ball
1-0: Called Strike
1-1: Foul Ball, location: 2F
1-2: Ball
2-2: Foul Ball, location: 2F
2-2: Foul Ball, location: 2F
2-2: Ground out 4-3 (Groundball, 4)
Bottom of the 1st over - 0 run(s), 0 hit(s), 0 error(s), 0 left on base; Port Royal 0 - Santa Barbara 0
TOP OF THE 2ND
Port Royal Disaster batting - Pitching for Santa Barbara Golden Cranes : LHP José Ortíz
Batting: RHB Marvin Hunter 0-0: Called Strike
0-1: Ball
1-1: Ball
2-1: Foul Ball, location: 2F
2-2: Ball
3-2: Base on Balls
Batting: RHB David McJannett 0-0: Ball
1-0: Grounds into double play, 6-4-3 (Groundball, 6M)
Batting: RHB Brandon Cooper 0-0: Ball
1-0: Ball
2-0: Ball
3-0: Base on Balls
Batting: RHB Paul Smith 0-0: Ball
1-0: Ball
2-0: Ground out 5-3 (Groundball, 56)
Top of the 2nd over - 0 run(s), 0 hit(s), 0 error(s), 1 left on base; Port Royal 0 - Santa Barbara 0
BOTTOM OF THE 2ND
Santa Barbara Golden Cranes batting - Pitching for Port Royal Disaster : RHP José Gutiérrez
Batting: RHB Logan Manning 0-0: Foul Ball, location: 2F
0-1: Ball
1-1: Foul Ball, location: 2F
1-2: Ball
2-2: Ball
3-2: Foul Ball, location: 2F
3-2: Fly out, F5 (Popup, 5D)
Batting: RHB Rubén Campos 0-0: Ground out 1-3 (Groundball, 13S)
Batting: RHB Lúcio Sánchez 0-0: Foul Ball, location: 2F
0-1: Foul Ball, location: 2F
0-2: Foul Ball, location: 2F
0-2: Ball
1-2: Ball
2-2: Ball
3-2: SINGLE (Groundball, 34D)
Batting: RHB Ángel López 0-0: Ball
1-0: Called Strike
1-1: Swinging Strike
1-2: Strikes out swinging
Bottom of the 2nd over - 0 run(s), 1 hit(s), 0 error(s), 1 left on base; Port Royal 0 - Santa Barbara 0
TOP OF THE 3RD
Port Royal Disaster batting - Pitching for Santa Barbara Golden Cranes : LHP José Ortíz
Batting: SHB Arsenio Sameiro 0-0: Ball
1-0: Called Strike
1-1: Ball
2-1: Called Strike
2-2: SINGLE (Groundball, 6MD)
Batting: RHB Barnett Armstrong 0-0: Swinging Strike
0-1: Swinging Strike
0-2: Strikes out looking
Batting: RHB Aurelio García 0-0: Foul Ball, location: 2F
0-1: Reached on error, E6 (Groundball, 6)
Arsenio Sameiro to second
Batting: LHB Davis Mills 0-0: Ball
1-0: Called Strike
1-1: Foul Ball, location: 2F
1-2: Foul Ball, location: 2F
1-2: Ball
2-2: Strikes out swinging
Batting: RHB Manuel Becerra 0-0: Called Strike
0-1: Ball
1-1: Ball
2-1: Ball
3-1: Base on Balls
Arsenio Sameiro to third
Aurelio García to second
Batting: RHB Marvin Hunter 0-0: Called Strike
0-1: Ball
1-1: Ball
2-1: Foul Ball, location: 2F
2-2: Foul Ball, location: 2F
2-2: Foul Ball, location: 2F
2-2: Foul Ball, location: 2F
2-2: SINGLE (Groundball, 6MD)
Arsenio Sameiro scores
Aurelio García to third
Manuel Becerra to second
Runner from 3rd tries for Home, SAFE, no throw
Batting: RHB David McJannett 0-0: Ball
1-0: Ball
2-0: Called Strike
2-1: SINGLE (Groundball, 56D)
Manuel Becerra to third
Marvin Hunter to second
Runner from 3rd tries for Home, SAFE, no throw
Batting: RHB Brandon Cooper 0-0: Foul Ball, location: 2F
0-1: Ball
Passed Ball!
Marvin Hunter to third
David McJannett to second
1-1: Ball
2-1: Foul Ball, location: 2F
2-2: Foul Ball, location: 2F
2-2: Ball
3-2: Ground out 6-3 (Groundball, 6)
Top of the 3rd over - 3 run(s), 3 hit(s), 1 error(s), 2 left on base; Port Royal 3 - Santa Barbara 0
BOTTOM OF THE 3RD
Santa Barbara Golden Cranes batting - Pitching for Port Royal Disaster : RHP José Gutiérrez
Batting: LHB Manny Rosário 0-0: Ball
1-0: Ball
2-0: Called Strike
2-1: Ball
3-1: Foul Ball, location: 2F
3-2: Strikes out swinging
Batting: RHB Salvador Noriega 0-0: Foul Ball, location: 2F
0-1: Ball
1-1: Called Strike
1-2: Ball
2-2: Ball
3-2: Base on Balls
Batting: RHB Luis Trevino 0-0: Ball
1-0: Ball
2-0: Reached on error, E5 (Groundball, 56S)
Salvador Noriega to second
Batting: RHB Ángel Ruezga 0-0: Called Strike
0-1: Ball
1-1: Swinging Strike
1-2: Fielders Choice at 2nd, 1-6 (Groundball, P)
Salvador Noriega to third
Batting: LHB Sixto Álvarez 0-0: Ball
1-0: Reached on error, E6 (Groundball, 6)
Salvador Noriega scores
Ángel Ruezga to second
Batting: RHB Logan Manning 0-0: Called Strike
0-1: Ball
1-1: Foul Ball, location: 2F
1-2: Fly out, F8 (Line Drive, 89D)
Bottom of the 3rd over - 1 run(s), 0 hit(s), 2 error(s), 2 left on base; Port Royal 3 - Santa Barbara 1
TOP OF THE 4TH
Port Royal Disaster batting - Pitching for Santa Barbara Golden Cranes : LHP José Ortíz
Batting: RHB Paul Smith 0-0: Called Strike
0-1: Swinging Strike
0-2: Ball
1-2: Fly out, F1 (Line Drive, 13)
Batting: SHB Arsenio Sameiro 0-0: Called Strike
0-1: Ball
1-1: Ball
2-1: Called Strike
2-2: Strikes out looking
Batting: RHB Barnett Armstrong 0-0: Swinging Strike
0-1: Swinging Strike
0-2: Ball
1-2: Strikes out looking
Top of the 4th over - 0 run(s), 0 hit(s), 0 error(s), 0 left on base; Port Royal 3 - Santa Barbara 1
BOTTOM OF THE 4TH
Santa Barbara Golden Cranes batting - Pitching for Port Royal Disaster : RHP José Gutiérrez
Batting: RHB Rubén Campos 0-0: Called Strike
0-1: Foul Ball, location: 2F
0-2: Ball
1-2: Ball
2-2: Foul Ball, location: 2F
2-2: Ball
3-2: Base on Balls
Batting: RHB Lúcio Sánchez 0-0: Called Strike
0-1: Foul Ball, location: 2F
0-2: Ball
1-2: Strikes out swinging
Batting: RHB Ángel López 0-0: Ball
1-0: Fly out, F9 (Flyball, 89D)
Batting: LHB Manny Rosário 0-0: Hit by Pitch
Rubén Campos to second
Batting: RHB Salvador Noriega 0-0: Ground out 5-3 (Groundball, 56S)
Bottom of the 4th over - 0 run(s), 0 hit(s), 0 error(s), 2 left on base; Port Royal 3 - Santa Barbara 1
TOP OF THE 5TH
Port Royal Disaster batting - Pitching for Santa Barbara Golden Cranes : LHP José Ortíz
Batting: RHB Aurelio García 0-0: Fly out, F6 (Line Drive, 6)
Batting: LHB Davis Mills 0-0: Ball
1-0: Called Strike
1-1: Fly out, F8 (Flyball, 8LS)
Batting: RHB Manuel Becerra 0-0: Ball
1-0: SINGLE (Line Drive, 8LS)
Batting: RHB Marvin Hunter 0-0: Called Strike
0-1: Ball
Manuel Becerra is caught stealing 2nd base
Top of the 5th over - 0 run(s), 1 hit(s), 0 error(s), 0 left on base; Port Royal 3 - Santa Barbara 1
BOTTOM OF THE 5TH
Santa Barbara Golden Cranes batting - Pitching for Port Royal Disaster : RHP José Gutiérrez
Batting: RHB Luis Trevino 0-0: Fly out, F5 (Line Drive, 5)
Batting: RHB Ángel Ruezga 0-0: Swinging Strike
0-1: Swinging Strike
0-2: Ball
1-2: SINGLE (Line Drive, 9LS)
Batting: LHB Sixto Álvarez 0-0: Foul Ball, location: 2F
0-1: Grounds into double play, 4-6-3 (Groundball, 4)
Bottom of the 5th over - 0 run(s), 1 hit(s), 0 error(s), 0 left on base; Port Royal 3 - Santa Barbara 1
TOP OF THE 6TH
Port Royal Disaster batting - Pitching for Santa Barbara Golden Cranes : LHP José Ortíz
Batting: RHB Marvin Hunter 0-0: Ball
1-0: Foul Ball, location: 2F
1-1: Ball
2-1: Ball
3-1: DOUBLE (Groundball, 5L)
Batting: RHB David McJannett 0-0: Ball
1-0: 2-RUN HOME RUN (Flyball, 7D), Distance : 382 ft
Batting: RHB Brandon Cooper 0-0: Ball
1-0: Ball
2-0: Ball
3-0: Called Strike
3-1: Base on Balls
Batting: RHB Paul Smith 0-0: Swinging Strike
0-1: Ball
1-1: Swinging Strike
1-2: Ball
2-2: Strikes out swinging
Batting: SHB Arsenio Sameiro 0-0: Ball
1-0: Ball
2-0: Foul Ball, location: 2F
2-1: Swinging Strike
2-2: Fly out, F9 (Flyball, 9S)
Batting: RHB Barnett Armstrong 0-0: Ball
1-0: Ball
2-0: Foul Ball, location: 2F
2-1: SINGLE (Groundball, 6D)
Brandon Cooper to second
Batting: RHB Aurelio García 0-0: Fly out, F8 (Flyball, 8LM)
Top of the 6th over - 2 run(s), 3 hit(s), 0 error(s), 2 left on base; Port Royal 5 - Santa Barbara 1
BOTTOM OF THE 6TH
Santa Barbara Golden Cranes batting - Pitching for Port Royal Disaster : RHP José Gutiérrez
Pitching: RHP Nicholas Adams
Batting: RHB Logan Manning 0-0: Called Strike
0-1: Ground out 1-3 (Groundball, 13)
Batting: RHB Rubén Campos 0-0: Ball
1-0: Ball
2-0: SINGLE (Groundball, 6MS) (infield hit)
Batting: RHB Lúcio Sánchez 0-0: Called Strike
0-1: Swinging Strike
0-2: Strikes out swinging
Batting: RHB Ángel López 0-0: Ball
1-0: Ball
2-0: Called Strike
2-1: Ground out 6-3 (Groundball, 6S)
Bottom of the 6th over - 0 run(s), 1 hit(s), 0 error(s), 1 left on base; Port Royal 5 - Santa Barbara 1
TOP OF THE 7TH
Port Royal Disaster batting - Pitching for Santa Barbara Golden Cranes : LHP José Ortíz
Batting: LHB Davis Mills 0-0: Called Strike
0-1: Ball
1-1: Ground out 1-3 (Groundball, P)
Batting: RHB Manuel Becerra 0-0: Foul Ball, location: 2F
0-1: Foul Ball, location: 2F
0-2: Ball
1-2: Ball
2-2: Ball
3-2: Foul Ball, location: 2F
3-2: Foul Ball, location: 2F
3-2: Ground out 6-3 (Groundball, 6S)
Batting: RHB Marvin Hunter 0-0: Foul Ball, location: 2F
0-1: Ball
1-1: Ball
2-1: Ball
3-1: Base on Balls
Pitching: RHP Xavier Andrade
Batting: RHB David McJannett 0-0: Called Strike
0-1: Foul Ball, location: 2F
0-2: Ball
1-2: Foul Ball, location: 2F
1-2: Fly out, F6 (Line Drive, 6M)
Top of the 7th over - 0 run(s), 0 hit(s), 0 error(s), 1 left on base; Port Royal 5 - Santa Barbara 1
BOTTOM OF THE 7TH
Santa Barbara Golden Cranes batting - Pitching for Port Royal Disaster : RHP Nicholas Adams
Batting: LHB Manny Rosário 0-0: SINGLE (Flyball, 7LM)
Batting: RHB Salvador Noriega 0-0: Fly out, F8 (Flyball, 8LS)
Batting: RHB Luis Trevino 0-0: Ball
1-0: Called Strike
1-1: Called Strike
1-2: Ball
2-2: Foul Ball, location: 2F
2-2: Ball
3-2: Strikes out looking
Batting: RHB Ángel Ruezga 0-0: Foul Ball, location: 2F
0-1: Ball
1-1: Fly out, F8 (Flyball, 8LD)
Bottom of the 7th over - 0 run(s), 1 hit(s), 0 error(s), 1 left on base; Port Royal 5 - Santa Barbara 1
TOP OF THE 8TH
Port Royal Disaster batting - Pitching for Santa Barbara Golden Cranes : RHP Xavier Andrade
Batting: RHB Brandon Cooper 0-0: Called Strike
0-1: Foul Ball, location: 2F
0-2: Ball
1-2: Ground out 6-3 (Groundball, 6)
Batting: RHB Paul Smith 0-0: Ground out 5-3 (Groundball, 5)
Batting: SHB Arsenio Sameiro 0-0: Ball
1-0: Foul Ball, location: 2F
1-1: SINGLE (Flyball, 7S)
Batting: RHB Barnett Armstrong 0-0: Ball
1-0: Foul Ball, location: 2F
1-1: Called Strike
1-2: Ball
2-2: Fly out, F9 (Flyball, 9LM)
Top of the 8th over - 0 run(s), 1 hit(s), 0 error(s), 1 left on base; Port Royal 5 - Santa Barbara 1
BOTTOM OF THE 8TH
Santa Barbara Golden Cranes batting - Pitching for Port Royal Disaster : RHP Nicholas Adams
Batting: LHB Sixto Álvarez 0-0: Swinging Strike
0-1: Swinging Strike
0-2: Ball
1-2: Ball
2-2: Foul Ball, location: 2F
2-2: SINGLE (Line Drive, 5D)
Batting: RHB Logan Manning 0-0: Ball
1-0: Called Strike
1-1: DOUBLE (Groundball, 5L)
Sixto Álvarez to third
Pitching: RHP Ricardo Campos
Batting: RHB Rubén Campos 0-0: Ball
1-0: Called Strike
1-1: Foul Ball, location: 2F
1-2: DOUBLE (Line Drive, 89XD)
Sixto Álvarez scores
Logan Manning scores
Batting: RHB Lúcio Sánchez 0-0: Foul Ball, location: 2F
0-1: Ball
1-1: Called Strike
1-2: Ground out 6-3 (Groundball, 56)
Batting: RHB Ángel López 0-0: Called Strike
0-1: Foul Ball, location: 2F
0-2: Strikes out swinging
Pitching: LHP Pedro Pacheco
Batting: LHB Manny Rosário 0-0: Ball
1-0: SINGLE (Line Drive, 56D)
Rubén Campos to third
Runner from 3rd tries for Home, throw and OUT!
Bottom of the 8th over - 2 run(s), 4 hit(s), 0 error(s), 1 left on base; Port Royal 5 - Santa Barbara 3
TOP OF THE 9TH
Port Royal Disaster batting - Pitching for Santa Barbara Golden Cranes : RHP Xavier Andrade
Pitching: RHP Alfredo Martínez
Batting: RHB Aurelio García 0-0: Foul Ball, location: 2F
0-1: Ball
1-1: Ball
2-1: Ball
3-1: Fly out, F9 (Line Drive, 9)
Pitching: LHP Jim Unknown
Batting: LHB Davis Mills 0-0: Called Strike
0-1: Ground out 4-3 (Groundball, 4S)
Batting: RHB Manuel Becerra 0-0: Fly out, F9 (Flyball, 9)
Top of the 9th over - 0 run(s), 0 hit(s), 0 error(s), 0 left on base; Port Royal 5 - Santa Barbara 3
BOTTOM OF THE 9TH
Santa Barbara Golden Cranes batting - Pitching for Port Royal Disaster : LHP Pedro Pacheco
Pitching: RHP Juan Carlos Herrera
Batting: RHB Salvador Noriega 0-0: Ball
1-0: Fly out, F9 (Flyball, 9S)
Batting: RHB Luis Trevino 0-0: SINGLE (Flyball, 7LM)
Batting: RHB Ángel Ruezga 0-0: Ball
1-0: SINGLE (Flyball, 8LS)
Luis Trevino to second
Runner from 2nd tries for 3rd, SAFE, no throw
Batting: LHB Sixto Álvarez 0-0: Grounds into double play, 6-4-3 (Groundball, 6)
Bottom of the 9th over - 0 run(s), 2 hit(s), 0 error(s), 1 left on base; Port Royal 5 - Santa Barbara 3
Monday, March 20th, 2017 - OOTP Baseball 17.12 Build 75